 Dungeon Crawl Stone Soup version 0.20-a0-926-g560771d (webtiles) character file.

319 Isola the Poker (level 6, -3/44 HPs)
             Began as a Merfolk Skald on Mar 28, 2017.
             Slain by a scorpion (9 damage)
             ... on level 5 of the Dungeon.
             The game lasted 00:06:33 (4030 turns).

Isola the Poker (Merfolk Skald)                     Turns: 4030, Time: 00:06:34

Health: -3/44      AC:  5    Str: 11    XL:     6   Next: 46%
Magic:  3/9        EV: 14    Int: 15    God:
Gold:   219        SH:  0    Dex: 13    Spells: 1/9 levels left

rFire    . . .     SeeInvis .   u - +0 trident
rCold    . . .     Gourm    .   (no shield)
rNeg     . . .     Faith    .   b - +0 leather armour
rPois    .         Spirit   .   m - +1 hat
rElec    .         Reflect  .   v - +0 cloak
rCorr    .         Harm     .   (no gloves)
MR       .....                  (no boots)
Stlth    +.........             (no amulet)
Regen    0.2/turn               (no ring)
MPRegen  0.2/turn               (no ring)

@: lethally poisoned (-3 -> -10), shrouded (expiring), infused
A: change form in water, swift swim, stealthy swim
a: no special abilities


You were on level 5 of the Dungeon.
You were very hungry.

You visited 1 branch of the dungeon, and saw 5 of its levels.

You collected 219 gold pieces.

Inventory:

Hand Weapons
 f - a +0 blowgun
 u - a +0 trident (weapon)
Missiles
 h - 6 curare-tipped needles
 q - a throwing net (quivered)
 x - 41 poisoned needles
Armour
 b - a +0 leather armour (worn)
 m - a +1 hat (worn)
 s - a +0 buckler
 v - a +0 cloak (worn)
Scrolls
 a - a scroll of fog {unknown}
 e - 5 scrolls of remove curse
 g - a scroll of magic mapping {unknown}
 j - a scroll of recharging {unknown}
 l - a scroll of amnesia {unknown}
 o - 3 scrolls of teleportation {unknown}
Potions
 i - a potion of flight
 n - a potion of might
 p - a potion of cancellation {unknown}
 t - a potion of lignification
Books
 c - a book of Battle

   Spells                             Type                      Level
   a - Infusion                       Charms                       1
   b - Shroud of Golubria             Charms/Translocation         2
   c - Song of Slaying                Charms                       2
   d - Spectral Weapon                Hexes/Charms                 3
   e - Regeneration                   Charms/Necromancy            3
Comestibles
 d - 2 bread rations
 w - 2 meat rations


   Skills:
 - Level 2.1 Fighting
 * Level 7.0 Polearms
 - Level 0.6 Armour
 + Level 4.9 Dodging
 - Level 2.0 Spellcasting
 + Level 4.7 Charms


You had one spell level left.
You knew the following spells:

 Your Spells              Type           Power        Failure   Level  Hunger
a - Infusion              Chrm           ###.         4%          1    #......
b - Shroud of Golubria    Chrm/Tloc      #.........   21%         2    ###....
c - Song of Slaying       Chrm           ###.....     10%         2    ###....
d - Spectral Weapon       Hex/Chrm       #.......     38%         3    ###....


Dungeon Overview and Level Annotations

Branches:
Dungeon (5/15)
 Temple: D:4-7

Altars:
Gozag


Message History

The adder zombie bites you but does no damage.
Your magical contamination has completely faded away.
You hit the adder zombie.
The adder zombie is severely damaged.
* * * LOW HITPOINT WARNING * * *
You feel sick.
Your spectral weapon hits the adder zombie.
The adder zombie barely misses you. The adder zombie misses you.
You hit the adder zombie.
You destroy the adder zombie!
* * * LOW HITPOINT WARNING * * *
You feel sick.
You barely miss the scorpion.
The scorpion is severely wounded.
Your shroud begins to fray at the edges.
* * * LOW HITPOINT WARNING * * *
You feel sick.
Your spectral weapon closely misses the scorpion.
The scorpion stings you!
You die...

.#.. .... .... ..#
#..### ..# #....#
..# #.#.#### ..#
##..(.s(# ..#
#.....#@########..#
#...$.#.........#
#>...%#########.##
#.....# #.)# #
#.....# ##.## #
#.....# #..######
#.....# ##..##...
#.....# ##....##
#....># ##.###


You could see a scorpion and a friendly spectral trident.

Vanquished Creatures
  The ghost of Perturabo the Slasher, an amateur DsGl (D:4)
  A howler monkey (D:5)
  A worker ant (D:4)
  3 adders
  An ooze (D:1)
  An adder zombie (D:5)
  2 worms
  3 dart slugs
  3 leopard geckos
  5 orcs
  3 ball pythons
  9 bats
  4 giant cockroaches
  11 goblins
  11 hobgoblins
  2 jackals (D:4)
  2 quokkas
  4 frilled lizards
  7 kobolds
  4 rats
  A toadstool (D:1)
79 creatures vanquished.

Vanquished Creatures (others)
  3 toadstools (D:1)
3 creatures vanquished.

Grand Total: 82 creatures vanquished

Notes
Turn   | Place    | Note
-------+----------+-------------------------------------------
     0 | D:1      | Isola the Merfolk Skald began the quest for the Orb.
     0 | D:1      | Reached XP level 1. HP: 16/16 MP: 3/3
    17 | D:1      | Reached XP level 2. HP: 21/22 MP: 5/5
   540 | D:1      | Reached skill level 4 in Polearms
   766 | D:1      | Reached XP level 3. HP: 27/27 MP: 6/6
   784 | D:1      | Learned a level 2 spell: Shroud of Golubria
   787 | D:1      | Learned a level 2 spell: Song of Slaying
  1178 | D:2      | Found an opulent altar of Gozag.
  1629 | D:3      | Reached XP level 4. HP: 33/33 MP: 7/7
  2092 | D:3      | Reached skill level 5 in Polearms
  2672 | D:4      | Reached XP level 5. HP: 15/38 MP: 8/8
  3229 | D:4      | Noticed Perturabo's ghost (amateur DsGl)
  3408 | D:3      | Learned a level 3 spell: Spectral Weapon
  3436 | D:4      | Killed Perturabo's ghost
  3436 | D:4      | Reached skill level 6 in Polearms
  3436 | D:4      | Reached XP level 6. HP: 44/44 MP: 4/9
  3937 | D:5      | Entered Level 5 of the Dungeon
  3990 | D:5      | Reached skill level 7 in Polearms
  4030 | D:5      | Slain by a scorpion

Vault maps used:
D:1:      ldierk_water_garden
D:2:      grunt_gozag_breadcrumbs
D:5:      led_sif_book, lemuel_temple_firewalk_a, first_bread

Skill      XL: |  1  2  3  4  5  6 |
---------------+-------------------+-----
Dodging        | 3 4 |  4.9
Polearms       | 4 5 6 7 |  7.0
Charms         | 4 |  4.7
Fighting       | |  2.1
Armour         | |  0.6
Spellcasting   | |  2.0

Action                   |  1- 3 |  4- 6 || total
-------------------------+-------+-------++-------
Melee: Spear             |   162 |     1 ||   163
       Tailslap          |     2 |       ||     2
       Trident           |       |   202 ||   202
 Cast: Infusion          |       |     3 ||     3
       Shroud of Golubri |       |     4 ||     4
       Spectral Weapon   |       |     2 ||     2
       Song of Slaying   |       |     1 ||     1
  Use: Potion            |       |     6 ||     6
       Scroll            |       |     3 ||     3
 Stab: Sleeping          |     5 |     2 ||     7
       Distracted        |       |     1 ||     1
  Eat: Chunk             |     2 |     8 ||    10
Armor: Leather armour    |    31 |    35 ||    66
       Skin              |       |     4 ||     4
Dodge: Dodged            |    82 |   127 ||   209
